 Dungeon Crawl Stone Soup version 0.21-a0-426-g98080a9 (webtiles) character file.

4466 mhoghedin the Covert (level 10, 46/46 HPs)
             Began as a Felid Venom Mage on Nov 4, 2017.
             Was the Champion of Ru.
             Quit the game on level 10 of the Dungeon on Nov 5, 2017.
             The game lasted 01:01:25 (14051 turns).

mhoghedin the Covert (Felid Venom Mage)            Turns: 14051, Time: 01:01:25

Health: 46/46      AC:  2    Str:  4    XL:     10   Next: 15%
Magic:  17/17      EV: 27    Int: 18    God:    Ru [******]
Gold:   492        SH:  0    Dex: 19    Spells: 0/17 levels left
                                        Lives:  1   Deaths: 1

rFire    . . .     SeeInvis +     - Unarmed
rCold    . . .     Gourm    .   (shield unavailable)
rNeg     . . .     Faith    .   (armour unavailable)
rPois    .         Spirit   .   (helmet unavailable)
rElec    .         Reflect  .   (cloak unavailable)
rCorr    .         Harm     .   (gloves unavailable)
MR       ++...                  (boots unavailable)
Stlth    +++++.....             (no amulet)
HPRegen  0.15/turn              q - ring of protection from magic {MR+, !d}
MPRegen  0.15/turn              (no ring)

@: quick
A: no armour, no weapons or thrown items, stealth, claws 1, fangs 3, see
invisible, carnivore 3, speed 1, shaggy fur 2, slow metabolism 1, hated by all,
cowardly, unskilled 1, inexperienced 1, sharp paws
a: Draw Out Power, Power Leap, Apocalypse, Renounce Religion


You were on level 10 of the Dungeon.
You worshipped Ru.
Ru was exalted by your worship.
You were not hungry.

You visited 1 branch of the dungeon, and saw 11 of its levels.

You collected 492 gold pieces.

Inventory:

Missiles
 v - 5 tomahawks of dispersal {=f}
Jewellery
 g - an uncursed ring of wizardry {unknown}
   (You found it on level 11 of the Dungeon)
 q - a ring of protection from magic (left paw) {MR+, !d}
   (You took it off an orc on level 9 of the Dungeon)
Wands
 i - a wand of flame (3/48)
   (You found it on level 4 of the Dungeon)
 m - a wand of acid (2/15)
   (You found it on level 3 of the Dungeon)
Scrolls
 f - a scroll of recharging
 p - 2 scrolls of remove curse
 r - 2 scrolls of random uselessness {unknown}
 t - a scroll of identify
 u - 2 scrolls of fog {unknown}
Potions
 c - a potion of magic
 d - a potion of cancellation
 e - 2 potions of lignification {!q}
 j - a potion of invisibility
 l - 4 potions of ambrosia
 n - a potion of curing
 s - a potion of might
Books
 a - a Young Poisoner's Handbook
 k - a book of Cantrips
   (You found it on level 9 of the Dungeon)
Comestibles
 b - 3 meat rations {@e2}
 h - 14 royal jellies


   Skills:
 + Level 6.5 Fighting
 + Level 10.0 Dodging
 + Level 10.1 Stealth
 + Level 6.5 Unarmed Combat
 - Level 4.2 Spellcasting
 - Level 1.0 Conjurations
 - Level 5.9 Poison Magic
 - Level 4.0 Evocations


You couldn't memorise any spells.
You knew the following spells:

 Your Spells              Type           Power        Failure   Level  Hunger
a - Sting                 Conj/Pois      ###.         3%          1    None
b - Poisonous Vapours     Pois/Air       ##....       6%          2    ##.....
c - Olgreb's Toxic Radia  Pois           ####....     12%         4    ####...
d - Venom Bolt            Conj/Pois      ###.......   67%         5    ######.
g - Apportation           Tloc           #.....       14%         1    None
x - Mephitic Cloud        Conj/Pois/Air  ##......     17%         3    ###....
A - Animate Skeleton      Necr           N/A          14%         1    None


Dungeon Overview and Level Annotations

Branches:
Dungeon (11/15)            Temple (0/1) D:6             Orc (0/2) D:9
   Lair: D:8-11

Altars:
Cheibriados
Fedhas
Gozag
Hepliaklqana
Makhleb
Nemelex Xobeh
Okawaru
Qazlal
Ru
Trog
Vehumet
Xom
The Shining One
Beogh

Shops:
D:10 [

Annotations:
D:3 Autsider's ghost, amateur MiFi
D:11 1 exclusion


Innate Abilities, Weirdness & Mutations

You cannot wear armour.
You are incapable of wielding weapons or throwing items.
Your paws allow you to move quietly. (Stealth)
You have sharp claws.
You have razor-sharp teeth.
You have supernaturally acute eyesight. (SInv)
You are carnivorous and can eat meat at any time.
You cover ground quickly.
You are covered in thick fur. (AC +2)
You have a slow metabolism.
You are hated by all.
Your cowardice makes you less effective in combat with threatening monsters.
You are somewhat unskilled. (-1 Apt)
You are somewhat inexperienced. (-2 XL)
Your sharp claws are effective at attacking unaware monsters.


Message History

There is a stone staircase leading up here.
You climb upwards.
There is a stone staircase leading down here.
You start resting.
Health restored: 49
There is a stone staircase leading down here.
You climb downwards.
Level annotation: 1 exclusion
There is a stone staircase leading up here.
You catch the helpless orc wizard completely off-guard!
You claw the orc wizard!
The orange demon screeches!
The orc wizard begins to cast a spell, but is stunned by your will!
You barely miss the orc wizard.
The orc wizard hits you with a dagger of venom.
You are poisoned.
You take 3 damage, and have 46/49 hp.
You scratch the orc wizard.
You feel sick.
The orc wizard casts a spell.
The orc wizard flickers and vanishes for a moment.
You barely miss the orc wizard.
You bite the orc wizard, but do no damage.
You feel sick.
The orc wizard begins to cast a spell, but is stunned by your will!
You take 1 damage, and have 45/49 hp.
You scratch the orc wizard.
You kill the orc wizard!
You feel sick. The orange demon stings you from afar.
You take 4 damage, and have 41/49 hp.
There is a stone staircase leading up here.
You claw the orange demon!
You claw the orange demon, but do no damage.
You feel sick.
You redirect the orange demon's attack!
The orange demon closely misses itself.
The orange demon hits itself!
You take 1 damage, and have 40/49 hp.
You scratch the orange demon.
The orange demon is stunned by your will and fails to attack.
You scratch the orange demon.
You feel sick.
The orange demon is stunned by your will and fails to attack.
You take 1 damage, and have 39/49 hp.
You scratch the orange demon.
You feel sick. The orange demon completely misses you.
The orange demon misses you.
You feel a twist of horror at the sight of this foe.
The troll shouts!
You scratch the orange demon but do no damage.
The orange demon is stunned by your will and fails to attack.
You scratch the orange demon. The orange demon stings you!
You are more poisoned.
The orange demon poisons you!
You focus your will and illuminate the orange demon in retribution!
The orange demon closely misses you.
You take 7 damage, and have 32/49 hp.
You feel very sick. The orange demon barely misses you.
The orange demon misses you.
You climb upwards.
You feel sick.
There is a stone staircase leading down here.
You take 5 damage, and have 27/49 hp.
Unknown command.
You scratch the orange demon.
You feel sick. The orange demon stings you!
* * * LOW HITPOINT WARNING * * *
The orange demon completely misses you.
You take 13 damage, and have 14/49 hp.
MASSIVE DAMAGE!!
Unknown command.
You scratch the orange demon but do no damage.
* * * LOW HITPOINT WARNING * * *
You feel sick.
The orange demon stops glowing.
The orange demon completely misses you. The orange demon hits you!
* * * LOW HITPOINT WARNING * * *
You feel your attacks grow feeble.
You take 8 damage, and have 6/49 hp.
Unknown command.
You feel better. The orange demon misses you. The orange demon hits you.
* * * LOW HITPOINT WARNING * * *
You scratch the orange demon but do no damage.
The orange demon misses you. The orange demon closely misses you.
You scratch the orange demon but do no damage.
You scratch the orange demon. The orange demon misses you.
The orange demon completely misses you.
You closely miss the orange demon. The orange demon misses you.
The orange demon completely misses you.
You barely miss the orange demon. The orange demon stings you.
* * * LOW HITPOINT WARNING * * *
You focus your will and illuminate the orange demon in retribution!
The orange demon hits you but does no damage.
You take 4 damage, and have 3/49 hp.
You scratch the orange demon. The orange demon completely misses you.
The orange demon hits you.
* * * LOW HITPOINT WARNING * * *
You take 1 damage, and have 2/49 hp.
You scratch the orange demon. The orange demon stings you!
You die...
You are lethally poisoned!
The orange demon poisons you! The orange demon hits you!
You feel as though you will be weak longer.
You are now level 10!
You rejoin the land of the living...
Health restored: 46 You now have 17/17 mp.

.###....#..##...##.#
...................#
#######............#
# #.#.....#....#
#######..........#.#
.(................[#
##..##..#..#..#....#
##..##........#..#.#
................@..#
####################


There were no monsters in sight!

Vanquished Creatures
  The ghost of theanonym the Spear-Bearer, a journeyman MfGl of Ashenzari (D:10)
  Pikel (D:5)
  A manticore (D:11)
  A kobold demonologist (D:11)
  2 trolls
  3 hornets
  4 hippogriffs
  4 yaks (D:10)
  A hungry ghost (D:8)
  2 black bears
  3 orc warriors
  A slave (D:5)
  A sky beast (D:9)
  An eye of draining (D:9)
  A necrophage (D:5)
  2 phantoms
  6 ogres
  The ghost of kidcy the Skirmisher, an amateur DsGl (D:4)
  4 wolves (D:11)
  5 centaurs
  A crocodile (D:9)
  2 big kobolds
  6 bullfrogs
  2 scorpions (D:8)
  5 killer bees (D:8)
  6 howler monkeys
  An electric eel (D:11)
  2 crimson imps (D:7)
  2 quasits
  8 hounds
  4 jellies
  5 orc priests
  A centaur skeleton (D:7)
  2 bullfrog skeletons (D:9)
  An iron imp (D:6)
  3 iguanas
  Natasha (thrice) (D:2)
  7 worker ants
  7 orc wizards
  2 hound zombies
  A worker ant zombie (D:6)
  8 adders
  4 oozes (D:10)
  A worm (D:2)
  A dart slug (D:1)
  8 leopard geckos
  42 orcs
  4 bats (D:1)
  8 giant cockroaches
  2 goblins
  8 hobgoblins
  2 jackals (D:8)
  18 kobolds
  3 quokkas
  2 frilled lizards (D:1)
  A jackal skeleton (D:4)
  A leopard gecko zombie (D:6)
  A quokka skeleton (D:5)
  3 rats (D:1)
233 creatures vanquished.

Vanquished Creatures (others)
  A centaur skeleton (D:11)
  A crimson imp (D:5)
  An orc priest (D:5)
  An ooze (D:10)
  A dart slug (D:5)
  3 orcs
  A quokka (D:9)
9 creatures vanquished.

Grand Total: 242 creatures vanquished

Notes
Turn   | Place    | Note
-------+----------+-------------------------------------------
     0 | D:1      | mhoghedin the Felid Venom Mage began the quest for the Orb.
     0 | D:1      | Reached XP level 1. HP: 7/7 MP: 4/4
    89 | D:1      | Reached skill level 3 in Stealth
   132 | D:1      | Reached skill level 3 in Dodging
   219 | D:1      | Reached XP level 2. HP: 11/11 MP: 4/6
   223 | D:1      | Learned a level 2 spell: Poisonous Vapours
   623 | D:1      | Reached skill level 3 in Poison Magic
   876 | D:1      | Reached XP level 3. HP: 14/14 MP: 1/7
  1485 | D:2      | Noticed Natasha
  1492 | D:2      | Killed Natasha
  1492 | D:2      | Reached XP level 4. HP: 8/18 MP: 0/8
  1718 | D:2      | Noticed Natasha
  1741 | D:2      | Killed Natasha
  1741 | D:2      | Reached skill level 4 in Dodging
  1741 | D:2      | Reached skill level 4 in Stealth
  1841 | D:2      | Noticed Natasha
  1848 | D:2      | Killed Natasha
  1972 | D:2      | Found a sacrificial altar of Ru.
  2082 | D:2      | Found an opulent altar of Gozag.
  2086 | D:2      | Found a radiant altar of Vehumet.
  2363 | D:2      | Became a worshipper of Ru the Awakened
  2708 | D:3      | Reached XP level 5. HP: 21/21 MP: 5/10
  2854 | D:3      | Noticed Autsider's ghost (amateur MiFi)
  2899 | D:3      | Learned a level 4 spell: Olgreb's Toxic Radiance
  2902 | D:4      | Noticed kidcy's ghost (amateur DsGl)
  2908 | D:3      | Reached skill level 3 in Spellcasting
  2916 | D:3      | Learned a level 3 spell: Mephitic Cloud
  3108 | D:4      | Killed kidcy's ghost
  3108 | D:4      | Reached skill level 5 in Stealth
  3141 | D:4      | Found a glowing golden altar of the Shining One.
  3183 | D:4      | Gained mutation: You are covered in thick fur. (AC +2) [Felid growth]
  3183 | D:4      | Reached XP level 6. HP: 24/24 MP: 5/12
  3390 | D:4      | Reached skill level 5 in Dodging
  3390 | D:4      | Reached skill level 4 in Poison Magic
  3528 | D:4      | Gained mutation: You are somewhat inexperienced. (-2 XL) [Ru sacrifice]
  3528 | D:4      | Reached XP level 5. HP: 21/21 MP: 11/11
  3528 | D:4      | Reached XP level 4. HP: 18/18 MP: 10/10
  3528 | D:4      | Reached * piety under Ru
  3528 | D:4      | Reached ** piety under Ru
  3564 | D:4      | Noticed an ogre
  3579 | D:4      | Killed an ogre
  3579 | D:4      | Reached XP level 5. HP: 21/21 MP: 7/11
  3722 | D:5      | Entered Level 5 of the Dungeon
  4037 | D:5      | Noticed a phantom
  4049 | D:5      | Killed a phantom
  4049 | D:5      | Reached skill level 2 in Evocations
  4049 | D:5      | Reached XP level 6. HP: 13/24 MP: 12/12
  4233 | D:5      | Found an iron altar of Okawaru.
  4234 | D:5      | Noticed a slave
  4235 | D:5      | Noticed a slave
  4235 | D:5      | Noticed a slave
  4262 | D:5      | Killed a slave
  4268 | D:5      | Noticed Pikel
  4272 | D:5      | Noticed a slave
  4289 | D:5      | Killed Pikel
  4289 | D:5      | Reached skill level 2 in Fighting
  4289 | D:5      | Reached skill level 6 in Dodging
  4289 | D:5      | Reached skill level 2 in Unarmed Combat
  4289 | D:5      | Reached XP level 7. HP: 30/30 MP: 0/13
  4377 | D:5      | Reached skill level 3 in Evocations
  4665 | D:5      | Found a blossoming altar of Fedhas.
  4670 | D:5      | Reached skill level 5 in Poison Magic
  4955 | D:5      | Found a burning altar of Makhleb.
  4956 | D:5      | Found a shimmering altar of Xom.
  5456 | D:6      | Found a snail-covered altar of Cheibriados.
  5513 | D:6      | Found a staircase to the Ecumenical Temple.
  5577 | D:6      | Reached XP level 8. HP: 29/34 MP: 10/14
  5611 | D:6      | Found a bloodstained altar of Trog.
  5618 | D:6      | Found a hazy altar of Hepliaklqana.
  6099 | D:7      | Reached skill level 6 in Stealth
  6099 | D:7      | Reached skill level 6 in Poison Magic
  6124 | D:6      | Reached skill level 7 in Dodging
  6124 | D:6      | Reached skill level 4 in Spellcasting
  6131 | D:6      | Learned a level 5 spell: Venom Bolt
  6524 | D:7      | Reached skill level 1 in Conjurations
  6529 | D:7      | Gained mutation: You are somewhat unskilled. (-1 Apt) [Ru sacrifice]
  6529 | D:7      | Reduced skill Dodging to level 6
  6529 | D:7      | Reduced skill Stealth to level 5
  6529 | D:7      | Reduced skill Spellcasting to level 3
  6529 | D:7      | Reduced skill Poison Magic to level 5
  6529 | D:7      | Reduced skill Evocations to level 2
  6529 | D:7      | Reached *** piety under Ru
  6529 | D:7      | Reached **** piety under Ru
  6598 | D:7      | Upgraded the game from 0.21-a0-421-gfc1ce30 to 0.21-a0-426-g98080a9
  6623 | D:7      | Found a sparkling altar of Nemelex Xobeh.
  7001 | D:7      | Reached skill level 6 in Stealth
  7560 | D:7      | Found a stormy altar of Qazlal.
  7727 | D:8      | HP: 5/34 [iguana (13)]
  8296 | D:8      | Reached skill level 3 in Fighting
  8296 | D:8      | Reached skill level 3 in Unarmed Combat
  8390 | D:9      | Noticed a troll
  8405 | D:9      | Reached skill level 7 in Dodging
  8405 | D:9      | Reached XP level 9. HP: 33/37 MP: 5/15
  8410 | D:9      | Killed a troll
  8449 | D:9      | HP: 7/38 [bullfrog (8)]
  8469 | D:9      | Reached skill level 7 in Stealth
  8748 | D:9      | Found a stormy altar of Qazlal.
  8960 | D:8      | Reached skill level 4 in Fighting
  8966 | D:8      | Reached skill level 4 in Unarmed Combat
  9406 | D:8      | Reached skill level 8 in Dodging
  9554 | D:8      | Reached skill level 8 in Stealth
 10019 | D:9      | Found a roughly hewn altar of Beogh.
 10019 | D:9      | Found a staircase to the Orcish Mines.
 10112 | D:9      | Reached XP level 10. HP: 33/43 MP: 8/16
 10292 | D:9      | Gained mutation: Your cowardice makes you less effective in combat with threatening monsters. [Ru sacrifice]
 10292 | D:9      | Reached ***** piety under Ru
 10320 | D:9      | Reached skill level 4 in Spellcasting
 10454 | D:9      | Learned a level 1 spell: Animate Skeleton
 10456 | D:9      | Learned a level 1 spell: Apportation
 10548 | D:9      | Reached skill level 5 in Fighting
 10548 | D:9      | Reached skill level 5 in Unarmed Combat
 10947 | D:10     | Entered Level 10 of the Dungeon
 10954 | D:10     | Noticed theanonym's ghost (journeyman MfGl)
 11077 | D:10     | HP: 11/44 [hornet (11)]
 11532 | D:10     | Reached skill level 9 in Dodging
 11699 | D:10     | Reached skill level 9 in Stealth
 11699 | D:10     | Reached skill level 3 in Evocations
 12050 | D:10     | mhoghedin: shit :p
 12070 | D:10     | Paralysed by theanonym's ghost for 2 turns
 12075 | D:10     | Killed theanonym's ghost
 12346 | D:10     | Found Osmenar's Antique Armour Shoppe.
 12365 | D:10     | Reached skill level 6 in Unarmed Combat
 12585 | D:10     | Reached skill level 6 in Fighting
 12825 | D:11     | Noticed a cyclops
 12883 | D:10     | Reached skill level 4 in Evocations
 13069 | D:11     | Noticed a rust devil
 13200 | D:11     | Noticed a green ugly thing
 13227 | D:11     | Noticed a manticore
 13236 | D:11     | HP: 11/45 [manticore/volley of spikes (9)]
 13237 | D:11     | Reached XP level 11. HP: 12/48 MP: 18/18
 13239 | D:11     | HP: 5/49 [centaur warrior skeleton (7)]
 13241 | D:11     | Reached skill level 10 in Stealth
 13255 | D:11     | Gained mutation: You are hated by all. [Ru sacrifice]
 13255 | D:11     | Reached ****** piety under Ru
 13445 | D:11     | HP: 12/49 [wolf (4)]
 13780 | D:11     | Reached skill level 10 in Dodging
 14042 | D:10     | HP: 6/49 [orange demon (8)]
 14048 | D:10     | HP: 3/49 [orange demon (4)]
 14050 | D:10     | Mangled by an orange demon
 14051 | D:10     | Reached XP level 10. HP: -8/46 MP: 17/17
 14051 | D:10     | Quit the game

Vault maps used:
D:1:      dpeg_arrival_tiny_g, minmay_misc_feat_encased,
          minmay_misc_feat_secret_circle, minmay_surrounded
D:2:      hangedman_ru_absence, grunt_temple_overflow_open, uniq_natasha
D:3:      first_bread, kennysheep_small_spiral
D:4:      kennysheep_mini_moat
D:5:      grunt_temple_overflow_champion_of_chaos,
          nicolae_overflow_crystal_walls, okawaru_ov_weapons_minmay,
          grunt_decor_clamped, item_on_display_a, uniq_pikel
D:6:      slow_altar_1, amethyst_overflow_temple_binary,
          minmay_temple_entry_mist
D:7:      nemelex_xobeh_ov_fountains_minmay, kennysheep_little_box
D:9:      david_orc_5, basic_altar
D:10:     serial_shops, kennysheep_mini, hangedman_little_slice_of_home
D:11:     erik_lair_island, minmay_beelzebubs_servants

Skill      XL: |  1  2  3  4  5  6  7  8  9 10 11 |
---------------+----------------------------------+-----
Stealth        | 3 4 5 6 8 9 10 | 10.1
Dodging        | 3 4 6 7 8 9 10 | 10.0
Poison Magic   | 3 4 5 5 |  5.9
Spellcasting   | 3 3 4 |  4.2
Evocations     | 2 3 2 4 |  4.0
Fighting       | 2 3 4 6 |  6.5
Unarmed Combat | 2 3 4 6 |  6.5
Conjurations   | 1 |  1.0

Action                   |  1- 3 |  4- 6 |  7- 9 | 10-12 || total
-------------------------+-------+-------+-------+-------++-------
Melee: Unarmed           |     9 |    27 |   367 |   212 ||   615
       Bite              |       |     3 |    34 |    14 ||    51
       Punch             |       |       |     7 |     5 ||    12
 Cast: Sting             |    23 |     5 |     5 |       ||    33
       Poisonous Vapours |    33 |    34 |    43 |    18 ||   128
       Olgreb's Toxic Ra |       |     1 |    16 |    12 ||    29
       Mephitic Cloud    |       |     1 |    10 |     7 ||    18
Invok: Sacrifice Experie |       |     1 |       |       ||     1
       Draw Out Power    |       |       |     2 |     2 ||     4
       Sacrifice Skill   |       |       |     1 |       ||     1
       Sacrifice Courage |       |       |       |     1 ||     1
       Apocalypse        |       |       |       |     2 ||     2
       Sacrifice Love    |       |       |       |     1 ||     1
Evoke: Wand              |       |    12 |    19 |    10 ||    41
  Use: Scroll            |     4 |    10 |     4 |     3 ||    21
       Potion            |       |       |     1 |     6 ||     7
 Stab: Sleeping          |       |     3 |     8 |     3 ||    14
       Confused          |       |       |     6 |     4 ||    10
       Invisible         |       |       |     3 |     1 ||     4
       Distracted        |       |       |       |     6 ||     6
  Eat: Chunk             |     4 |     5 |    34 |     7 ||    50
Armor: Skin              |     2 |     3 |    23 |    17 ||    45
Dodge: Dodged            |    32 |    27 |   343 |   205 ||   607

Table legend:
 A = Spawn XP
 B = Non-spawn XP
 C = Spawn XP percentage of total XP
 D = Spawn monster count
 E = Non-spawn monster count
 F = Spawn count percentage of total count
 G = Total turns spent on level
                    A         B        C        D         E        F      G
               +---------+---------+-------+---------+---------+-------+---------
         Total |       0 |   13045 |   0.0 |       0 |     235 |   0.0 | 14051
               +---------+---------+-------+---------+---------+-------+---------
           D:1 |       0 |      44 |   0.0 |       0 |      26 |   0.0 |  1114
           D:2 |       0 |     141 |   0.0 |       0 |      13 |   0.0 |  1270
           D:3 |       0 |      73 |   0.0 |       0 |       5 |   0.0 |   675
           D:4 |       0 |     355 |   0.0 |       0 |      10 |   0.0 |   868
           D:5 |       0 |    1124 |   0.0 |       0 |      24 |   0.0 |  1346
           D:6 |       0 |     368 |   0.0 |       0 |       7 |   0.0 |  1150
           D:7 |       0 |     739 |   0.0 |       0 |      20 |   0.0 |  1266
           D:8 |       0 |    1677 |   0.0 |       0 |      26 |   0.0 |  1856
           D:9 |       0 |    2100 |   0.0 |       0 |      49 |   0.0 |  1542
          D:10 |       0 |    3687 |   0.0 |       0 |      28 |   0.0 |  2519
          D:11 |       0 |    2737 |   0.0 |       0 |      27 |   0.0 |   445
               +---------+---------+-------+---------+---------+-------+---------

Vault maps used:
D:1:      dpeg_arrival_tiny_g, minmay_misc_feat_encased,
          minmay_misc_feat_secret_circle, minmay_surrounded
D:2:      hangedman_ru_absence, grunt_temple_overflow_open, uniq_natasha
D:3:      first_bread, kennysheep_small_spiral
D:4:      kennysheep_mini_moat
D:5:      grunt_temple_overflow_champion_of_chaos,
          nicolae_overflow_crystal_walls, okawaru_ov_weapons_minmay,
          grunt_decor_clamped, item_on_display_a, uniq_pikel
D:6:      slow_altar_1, amethyst_overflow_temple_binary,
          minmay_temple_entry_mist
D:7:      nemelex_xobeh_ov_fountains_minmay, kennysheep_little_box
D:9:      david_orc_5, basic_altar
D:10:     serial_shops, kennysheep_mini, hangedman_little_slice_of_home
D:11:     erik_lair_island, minmay_beelzebubs_servants

Table legend:
 A = Turns spent in this place as a percentage of turns spent in the entire game.
 B = Non-inter-level travel turns spent in this place as a percentage of non-inter-level travel turns spent in the entire game.
 C = Inter-level travel turns spent in this place as a percentage of turns spent in this place.
 D = Turns resting spent in this place as a percentage of non-inter-level travel turns spent in this place.
 E = Turns spent auto-exploring this place as a percentage of non-inter-level travel turns spent in this place.
 F = Non-inter-level travel turns spent in this place divided by the number of levels of this place that you've seen.
                   A       B       C       D       E      F
               +-------+-------+-------+-------+-------+----------------------
         Total | 100.0 | 100.0 |   6.1 |  38.5 |  38.2 | 1199.1
       Dungeon | 100.0 | 100.0 |   6.1 |  38.5 |  38.2 | 1199.1
               +-------+-------+-------+-------+-------+----------------------

Table legend:
 A = Kills in this place as a percentage of kills in entire the game.
 B = Kills by you in this place as a percentage of kills by you in the entire game.
 C = Kills by friends in this place as a percentage of kills by friends in the entire game.
 D = Other kills in this place as a percentage of other kills in the entire game.
 E = Experience gained in this place as a percentage of experience gained in the entire game.
 F = Experience gained in this place divided by the number of levels of this place that you have seen.
                   A       B       C       D       E      F
               +-------+-------+-------+-------+-------+----------------------
         Total | 100.0 | 100.0 |   N/A | 100.0 | 100.0 | 1185.9
       Dungeon | 100.0 | 100.0 |   N/A | 100.0 | 100.0 | 1185.9
               +-------+-------+-------+-------+-------+----------------------
